 Dungeon Crawl Stone Soup version 0.18-a0-1677-g2bdad6c (webtiles) character file.

30708 XuaXua the Martial Artist (level 13, -4/104 HPs)
             Began as a Demonspawn Monk on Apr 3, 2016.
             Was the Champion of Makhleb.
             Slain by a fire crab (13 damage)
             ... on level 6 of the Lair of Beasts.
             The game lasted 00:59:14 (16018 turns).

XuaXua the Martial Artist (Demonspawn Monk)        Turns: 16018, Time: 00:59:16

Health: -4/104     AC: 21    Str: 15    XL:     13   Next: 22%
Magic:  0/20       EV:  7    Int: 13    God:    Makhleb [******]
Gold:   579        SH:  0    Dex: 20    Spells: 4 memorised, 3 levels left

rFire  . . .     SeeInvis .       - Unarmed
rCold  . . .     Gourm    .     c - +8 plate armour of Xotarym {-Tele rElec rCorr Dex+2}
rNeg   . . .     Faith    .     (no shield)
rPois  +         Spirit   +     (helmet unavailable)
rElec  +         Dismiss  .     i - +1 cloak
rCorr  +         Reflect  .     n - +0 pair of gloves
SustAt .         Harm     .     (no boots)
MR     +....     NoTele   +     B - amulet of rage
Stlth  ..........               e - ring "Qobuwk" {rPois MR+ Dex+2 Slay+2}
                                Q - ring "Minifui" {Wiz Slay+3}

@: heavily drained, somewhat resistant to hostile enchantments, extremely
unstealthy
A: claws 1, hooves 2, horns 3, nightstalker 1, magic shield, magic regeneration
a: Minor Destruction, Lesser Servant of Makhleb, Major Destruction, Greater
Servant of Makhleb, Renounce Religion, Evoke Berserk Rage


You were on level 6 of the Lair of Beasts.
You worshipped Makhleb.
Makhleb was exalted by your worship.
You were not hungry.

You visited 2 branches of the dungeon, and saw 16 of its levels.
You also visited: Labyrinth.

You collected 1076 gold pieces.
You spent 497 gold pieces at shops.

Inventory:

Missiles
 d - 15 tomahawks
 p - 5 javelins (quivered)
 w - a throwing net
 M - 8 curare-tipped needles
Armour
 c - the +8 plate armour of Xotarym (worn) {-Tele rElec rCorr Dex+2}
   (You acquired it on level 10 of the Dungeon)

   It affects your dexterity (+2).
   It insulates you from electricity.
   It prevents most forms of teleportation.
   It protects you from acid and corrosion.
 i - a +1 cloak (worn)
 n - a +0 pair of gloves (worn)
 C - the +0 leather armour "Ytowkoesio" {rC- Regen+ Int-4 SInv}
   (You found it in a labyrinth)

   It affects your intelligence (-4).
   It makes you vulnerable to cold.
   It lets you see invisible.
   It increases your rate of regeneration.
Magical Staves
 L - an uncursed staff of cold
Rods
 j - a +1 iron rod (13/13)
   (You took it off a minotaur in a labyrinth)
Jewellery
 e - the ring "Qobuwk" (right hand) {rPois MR+ Dex+2 Slay+2}
   (You bought it in a shop on level 9 of the Dungeon)

   [ring of poison resistance]

   It affects your dexterity (+2).
   It affects your accuracy and damage with ranged weapons and melee attacks
   (+2).
   It protects you from poison.
   It affects your resistance to hostile enchantments.
 g - an uncursed ring of positive energy
 B - an amulet of rage (around neck)
 Q - the ring "Minifui" (left hand) {Wiz Slay+3}
   (You found it on level 10 of the Dungeon)

   [ring of wizardry]

   It improves your spell success rate.
   It affects your accuracy and damage with ranged weapons and melee attacks
   (+3).
Wands
 k - a wand of disintegration (10/24)
 o - a wand of paralysis (13/24)
 r - a wand of acid (3/15)
 t - a wand of lightning (8/15)
 u - a wand of flame (28/48)
 A - a wand of iceblast (2/15)
 D - a wand of slowing (20/48)
 E - a wand of slowing (8/48)
 J - a wand of disintegration (14/24)
 N - a wand of confusion (13/48)
 O - a wand of lightning (12/15)
 P - a wand of acid (4/15)
 T - a wand of paralysis (14/24)
 V - a wand of flame (19/48)
 W - a wand of acid (1/15)
Scrolls
 f - 6 scrolls of teleportation
 h - 7 scrolls of recharging
 q - 3 scrolls of enchant armour
 s - 4 scrolls of blinking
 y - 5 scrolls of identify
 H - a scroll of immolation
 R - 2 scrolls of fear
 U - 2 scrolls of vulnerability
Potions
 a - 2 potions of cancellation
 l - 2 potions of might
 v - 3 potions of flight
 x - 2 potions of agility
 z - 6 potions of curing
 G - a potion of cure mutation
 K - a potion of lignification
Miscellaneous
 Z - a stone of tremors
Comestibles
 b - 12 bread rations
 m - 17 chunks of flesh
 F - 4 beef jerkies
 I - 9 slices of pizza
 S - 6 fruits
 Y - 2 meat rations


   Skills:
 + Level 10.5(8.9) Fighting
 - Level 4.1(2.8) Throwing
 - Level 2.6(1.3) Armour
 + Level 8.8(7.3) Dodging
 - Level 5.8(4.4) Stealth
 * Level 13.4(11.7) Unarmed Combat
 + Level 10.2(8.6) Invocations
 - Level 2.1(0.8) Evocations


You had 3 spell levels left.
You knew the following spells:

 Your Spells              Type           Power        Failure   Level  Hunger
a - Blink                 Tloc           N/A          100%        2    ###....
b - Apportation           Tloc           #.........   100%        1    ##.....
c - Shroud of Golubria    Chrm/Tloc      #.........   100%        2    ###....
d - Airstrike             Air            #.........   100%        4    #####..


Dungeon Overview and Level Annotations

Branches:
Dungeon (10/15)            Temple (0/1) D:6            Lair (6/8) D:10
  Swamp (0/4) Lair:5        Snake (0/4) Lair:5
  Slime: Lair:6-8       Orc: D:9-12

Altars:
Makhleb
Ru
Vehumet
Yredelemnul
The Shining One

Shops:
D:9 =


Innate Abilities, Weirdness & Mutations

You have sharp fingernails.
You have hoof-like feet.
You have a pair of large horns on your head.
You are slightly more attuned to the shadows.
When hurt, damage is shared between your health and your magic reserves.
You regenerate magic rapidly.


Message History

* * * LOW HITPOINT WARNING * * *
You are engulfed in flames!
* * * LOW HITPOINT WARNING * * *
Drink which item? (? for menu, Esc to quit)
You feel much better. The fire crab closely misses you.
The fire crab claws you.
You are engulfed in flames!
* * * LOW HITPOINT WARNING * * *
The hell rat bites you.
* * * LOW HITPOINT WARNING * * *
You hit the fire crab but do no damage.
You kick the fire crab, but do no damage.
The fire crab is heavily wounded.
The fire crab bites you.
* * * LOW HITPOINT WARNING * * *
You are engulfed in flames!
* * * LOW HITPOINT WARNING * * *
The fire crab claws you!
* * * LOW HITPOINT WARNING * * *
You are engulfed in flames!
You die...

........................
............#...P........
....P.....##..#PPP#......
##..#....#..÷..P........
..#.....(P.÷...#.......
.......................
..#.....#.......§.....
.....##..Pr##§.....#
........(@#§§......
.........†t........
....................
...................
..................
................#.
...P.##........#
...###..#.....##
.###...#P.....#


You could see a fire crab and a hell rat.

Vanquished Creatures
  A minotaur (Lab)
  5 hydras
  A death yak (Lair:3)
  The ghost of hypnagogic the Infuser, a novice DECj of Vehumet (D:8)
  A hill giant (D:10)
  An oklob plant (D:10)
  A cyclops (D:10)
  3 black mambas (Lair:2)
  Psyche (D:8)
  A torpor snail (Lair:4)
  4 komodo dragons
  A rime drake (Lair:3)
  6 spiny frogs
  4 polar bears
  8 blink frogs (Lair:4)
  37 yaks
  A human (D:7)
  A hog (D:7)
  2 basilisks
  Grum (D:8)
  A hungry ghost (D:7)
  6 hippogriffs
  Menkaure (D:6)
  4 nagas (Lair:5)
  Duvessa (D:5)
  10 water moccasins
  A swamp drake (Lair:5)
  An orc warrior (D:9)
  11 porcupines
  5 black bears
  2 ice beasts
  4 sky beasts
  2 centaurs
  A phantom (D:4)
  11 wolves
  7 ogres
  9 crocodiles
  7 giant frogs
  Dowan (D:5)
  A wyvern skeleton (D:6)
  5 scorpions
  4 killer bees
  12 wights
  2 howler monkeys
  2 crimson imps
  Crazy Yiuf (D:5)
  6 hounds
  2 orc priests (D:9)
  A giant frog skeleton (D:8)
  2 gnoll shamans
  2 jellies
  5 orc wizards
  14 iguanas
  13 hell rats
  11 worker ants
  11 sheep
  A hound zombie (D:6)
  A hound skeleton (D:5)
  Robin (D:4)
  9 adders
  7 gnolls
  A howler monkey skeleton (D:7)
  11 river rats
  An ooze (D:5)
  2 worms (D:2)
  2 dart slugs (D:2)
  2 giant geckos
  18 orcs
  3 ball pythons (D:2)
  8 giant cockroaches
  14 goblins
  7 hobgoblins
  15 jackals
  2 quokkas
  10 bats
  A giant gecko skeleton (D:7)
  6 giant newts
  2 gnoll zombies (D:2)
  7 kobolds
  A quokka skeleton (D:9)
  A quokka zombie (D:5)
  6 rats
  3 butterflies
  4 plants (D:10)
406 creatures vanquished.

Vanquished Creatures (collateral kills)
  A polar bear (Lair:1)
  3 black bears (Lair:1)
4 creatures vanquished.

Vanquished Creatures (others)
  A giant cockroach (D:3)
  2 fungi
  A plant (Lair:6)
  4 toadstools (D:1)
8 creatures vanquished.

Grand Total: 418 creatures vanquished

Notes
Turn   | Place    | Note
--------------------------------------------------------------
     0 | D:1      | XuaXua the Demonspawn Monk began the quest for the Orb.
     0 | D:1      | Reached XP level 1. HP: 18/18 MP: 1/1
   501 | D:1      | Gained mutation: You have a pair of small horns on your head. [demonic ancestry]
   501 | D:1      | Reached XP level 2. HP: 22/24 MP: 2/2
   715 | D:2      | Reached skill level 4 in Unarmed Combat
   877 | D:2      | Gained mutation: When hurt, damage is shared between your health and your magic reserves. [demonic ancestry]
   877 | D:2      | Reached XP level 3. HP: 26/29 MP: 3/3
  1757 | D:2      | Found a basalt altar of Yredelemnul.
  1881 | D:2      | Gained mutation: You have a pair of horns on your head. [demonic ancestry]
  1881 | D:2      | Reached XP level 4. HP: 15/37 MP: 2/4
  2490 | D:3      | Reached skill level 5 in Unarmed Combat
  2555 | D:3      | Gained mutation: You have sharp fingernails. [demonic ancestry]
  2555 | D:3      | Reached XP level 5. HP: 32/42 MP: 5/5
  2644 | D:3      | Found a glowing golden altar of the Shining One.
  3088 | D:4      | Noticed an ogre
  3096 | D:4      | Killed an ogre
  3260 | D:4      | Noticed Robin
  3264 | D:4      | Gained mutation: You have a pair of large horns on your head. [demonic ancestry]
  3264 | D:4      | Reached XP level 6. HP: 45/49 MP: 6/6
  3279 | D:4      | Killed Robin
  3345 | D:4      | Reached skill level 6 in Unarmed Combat
  3711 | D:4      | Found a burning altar of Makhleb.
  3967 | D:4      | Reached skill level 5 in Fighting
  4009 | D:5      | Entered Level 5 of the Dungeon
  4058 | D:5      | Noticed Crazy Yiuf
  4062 | D:5      | Killed Crazy Yiuf
  4095 | D:5      | Noticed a sky beast
  4110 | D:5      | Killed a sky beast
  4110 | D:5      | Reached XP level 7. HP: 39/56 MP: 5/7
  4114 | D:5      | Gained mutation: You are weak. (Str -2) [mutagenic meat]
  4364 | D:5      | Reached skill level 7 in Unarmed Combat
  4568 | D:5      | Found a runed door.
  4829 | D:5      | Found a runed door.
  4885 | D:5      | Noticed Duvessa
  4886 | D:5      | Noticed Dowan
  4894 | D:5      | Killed Duvessa
  4900 | D:5      | Killed Dowan
  4900 | D:5      | Gained mutation: You have large cloven feet. [demonic ancestry]
  4900 | D:5      | Reached XP level 8. HP: 58/64 MP: 6/8
  4915 | D:5      | Reached skill level 8 in Unarmed Combat
  5133 | D:5      | Found a sacrificial altar of Ru.
  5218 | D:5      | Reached skill level 1 in Throwing
  5580 | D:6      | Found a staircase to the Ecumenical Temple.
  5802 | D:6      | Noticed Menkaure
  5807 | D:6      | Killed Menkaure
  6205 | D:7      | Gained mutation: You regenerate magic rapidly. [demonic ancestry]
  6205 | D:7      | Reached XP level 9. HP: 72/72 MP: 9/9
  6334 | D:4      | Became a worshipper of Makhleb the Destroyer
  6334 | D:4      | Reached * piety under Makhleb
  6334 | D:4      | Reached ** piety under Makhleb
  6426 | D:7      | Reached skill level 9 in Unarmed Combat
  6461 | D:7      | Gained mutation: Your mind is acute. (Int +2) [mutagenic meat]
  6462 | D:7      | Gained mutation: You evolve. [mutagenic meat]
  6463 | D:7      | Gained mutation: You are covered in fur (AC +1). [mutagenic meat]
  6464 | D:7      | Gained mutation: Your spells are a little harder to cast, but a little more powerful. [mutagenic meat]
  6466 | D:7      | Gained mutation: You are frail (-10% HP). [mutagenic meat]
  6570 | D:7      | Reached skill level 1 in Invocations
  7464 | D:8      | Reached *** piety under Makhleb
  7494 | D:8      | Noticed Grum
  7506 | D:8      | Killed Grum
  7512 | D:8      | Noticed Psyche
  7514 | D:8      | Killed Psyche
  7623 | D:8      | Gained mutation: You are slightly more attuned to the shadows. [demonic ancestry]
  7623 | D:8      | Reached XP level 10. HP: 60/72 MP: 10/13
  7857 | D:8      | Noticed hypnagogic's ghost (novice DECj)
  7875 | D:8      | Killed hypnagogic's ghost
  7875 | D:8      | Reached skill level 5 in Dodging
  7875 | D:8      | Reached skill level 10 in Unarmed Combat
  8501 | D:8      | Learned a level 2 spell: Blink
  8503 | D:8      | Learned a level 1 spell: Apportation
  8506 | D:8      | Learned a level 2 spell: Shroud of Golubria
  8511 | D:8      | Learned a level 4 spell: Airstrike
  8672 | D:9      | Reached skill level 5 in Invocations
  8847 | D:9      | Reached **** piety under Makhleb
  9278 | D:9      | Found a sacrificial altar of Ru.
  9278 | D:9      | Found a radiant altar of Vehumet.
  9359 | D:9      | Found Fucwouhoigg's Jewellery Shop.
  9510 | D:10     | Entered Level 10 of the Dungeon
  9538 | D:10     | Identified a scroll of acquirement
  9540 | D:10     | Got a bloodstained plate armour
  9551 | D:10     | Identified the +8 plate armour of Xotarym {-Tele rElec rCorr Dex+2} (You acquired it on level 10 of the Dungeon)
  9613 | D:10     | Found a basalt altar of Yredelemnul.
  9670 | D:10     | Noticed an oklob plant
  9673 | D:10     | Found a staircase to the Lair.
  9995 | D:10     | Got a crude bronze ring
 10052 | D:10     | Noticed a cyclops
 10064 | D:10     | Killed a cyclops
 10069 | D:10     | Gained mutation: You are agile. (Dex +2) [evolution]
 10191 | D:10     | Noticed a hill giant
 10200 | D:10     | Killed a hill giant
 10200 | D:10     | Reached skill level 1 in Evocations
 10200 | D:10     | Reached XP level 11. HP: 59/78 MP: 9/15
 10262 | D:10     | Killed an oklob plant
 10262 | D:10     | Reached skill level 11 in Unarmed Combat
 10309 | Lair:1   | Entered Level 1 of the Lair of Beasts
 10393 | Lair:1   | Found a labyrinth entrance.
 10403 | Lair:1   | Identified the ring "Minifui" {Wiz Slay+3} (You found it on level 10 of the Dungeon)
 10408 | Lab      | Entered a labyrinth
 10603 | Lab      | Noticed a minotaur
 10615 | Lab      | Killed a minotaur
 10615 | Lab      | Reached skill level 1 in Armour
 10615 | Lab      | Reached skill level 5 in Stealth
 10669 | Lab      | Identified the Catalogue of Aid
 10670 | Lab      | Got a scorched leather armour
 10673 | Lab      | Identified the Catalogue of the Compass
 11305 | Lair:1   | Identified the cursed +0 leather armour "Ytowkoesio" {rC- Regen+ Int-4 SInv} (You found it in a labyrinth)
 12009 | D:9      | Bought the ring "Qobuwk" {rPois MR+ Dex+2 Slay+2} for 497 gold pieces
 12550 | Lair:2   | Reached ***** piety under Makhleb
 12987 | Lair:3   | Noticed a six-headed hydra
 12997 | Lair:3   | Killed a six-headed hydra
 12997 | Lair:3   | Reached XP level 12. HP: 61/85 MP: 9/17
 13076 | Lair:3   | Lost mutation: Your mind is acute. (Int +2) [potion of cure mutation]
 13076 | Lair:3   | Lost mutation: You are weak. (Str -2) [potion of cure mutation]
 13076 | Lair:3   | Lost mutation: You are agile. (Dex +2) [potion of cure mutation]
 13076 | Lair:3   | Lost mutation: You are covered in fur (AC +1). [potion of cure mutation]
 13076 | Lair:3   | Lost mutation: Your spells are a little harder to cast, but a little more powerful. [potion of cure mutation]
 13090 | Lair:3   | Reached skill level 12 in Unarmed Combat
 13519 | Lair:3   | Gained mutation: You have hoof-like feet. [evolution]
 13579 | Lair:4   | Noticed a death yak
 13596 | Lair:3   | Killed a death yak
 13755 | Lair:4   | Lost mutation: You are frail (-10% HP). [potion of cure mutation]
 13755 | Lair:4   | Lost mutation: You evolve. [potion of cure mutation]
 13755 | Lair:4   | Lost mutation: You have hoof-like feet. [potion of cure mutation]
 14586 | Lair:5   | Reached skill level 10 in Fighting
 14620 | Lair:5   | Noticed a six-headed hydra
 14652 | Lair:5   | Killed a six-headed hydra
 14713 | Lair:5   | Reached ****** piety under Makhleb
 14724 | Lair:5   | Reached skill level 13 in Unarmed Combat
 14769 | Lair:5   | Noticed a six-headed hydra
 14791 | Lair:5   | Killed a six-headed hydra
 15025 | Lair:5   | Found a staircase to the Snake Pit.
 15212 | Lair:5   | Found a staircase to the Swamp.
 15218 | Lair:5   | Noticed a six-headed hydra
 15218 | Lair:5   | Noticed a five-headed hydra
 15235 | Lair:5   | Killed a six-headed hydra
 15238 | Lair:5   | Killed a five-headed hydra
 15238 | Lair:5   | Gained mutation: You have hoof-like feet. [demonic ancestry]
 15238 | Lair:5   | Reached XP level 13. HP: 103/103 MP: 13/20
 15811 | Lair:6   | Reached skill level 10 in Invocations
 16018 | Lair:6   | Slain by a fire crab

Vault maps used:
D:1:      ldierk_walled_garden_2, minmay_stone_trees_small
D:2:      lemuel_zombie_altar_yredelemnul, first_bread
D:3:      tso_metal_star
D:4:      lemuel_coloured_pillars_altar, kennysheep_generic_room_9, uniq_robin
D:5:      lemuel_insect_pit, nicolae_ru_path_of_blood, uniq_duvessa,
          uniq_crazy_yiuf_cottage
D:6:      minmay_temple_entry_crystal_x, uniq_menkaure
D:7:      grunt_livestock, nrook_mini_backslash, minmay_hedge_maze
D:8:      uniq_grum, uniq_psyche
D:9:      gammafunk_temple_overflow_wave, serial_shops, shop
D:10:     dpeg_oklobed_lair, hangedman_decor_riveting, lemuel_tele_altar
Lair:1:   beast_lair_carwin_large_3, lab_entry_generic, minivault_11
Lair:2:   patterned_corridor
Lair:3:   beast_lair_carwin_1
Lair:5:   swamp_mist, minmay_snake_entry_guardpost_small,
          kennysheep_basilisk_garden, grunt_megastairs_1, lemuel_fruit_fields
Lab:      nicolae_lab_dead_adventurers

Skill      XL: |  1  2  3  4  5  6  7  8  9 10 11 12 13 |
---------------+----------------------------------------+-----
Unarmed Combat | 4 5 6 7 8 9 10 11 13 | 13.4
Fighting       | 4 5 6 7 8 9 10 | 10.5
Throwing       | 2 3 4 |  4.1
Dodging        | 3 4 5 7 8 |  8.8
Invocations    | 4 6 7 9 10 | 10.2
Stealth        | 3 4 5 |  5.8
Evocations     | 1 2 |  2.1
Armour         | 2 |  2.6

Action                   |  1- 3 |  4- 6 |  7- 9 | 10-12 | 13-15 || total
-------------------------+-------+-------+-------+-------+-------++-------
Melee: Unarmed           |   146 |   149 |   317 |   749 |   103 ||  1464
Throw: Javelin           |       |     6 |    25 |   103 |     3 ||   137
       Tomahawk          |       |       |       |     8 |       ||     8
Invok: Lesser Servant of |       |       |       |     3 |       ||     3
       Major Destruction |       |       |       |     1 |       ||     1
 Abil: Evoke Berserk Rag |       |       |       |     1 |       ||     1
Evoke: Wand              |       |     5 |    16 |    13 |       ||    34
  Use: Potion            |       |     4 |     2 |     9 |     1 ||    16
       Scroll            |       |     5 |     4 |    24 |     2 ||    35
 Stab: Sleeping          |     4 |     4 |     4 |     6 |       ||    18
       Invisible         |       |     2 |       |       |       ||     2
       Distracted        |       |       |     2 |     3 |       ||     5
       Confused          |       |       |       |     4 |       ||     4
  Eat: Chunk             |     3 |     7 |    19 |    26 |     4 ||    59
       Royal jelly       |       |       |     1 |       |       ||     1
